Map: Port Aleksander LE

Players

TiPtOP

  • Race: Terran Terran
  • League: Silver
  • Spawn Location: 11:00

Stankopus - Winner!

  • Race: Terran Terran
  • League: Bronze
  • Spawn Location: 5:00

VOD

Have the link to the VOD?

Description

Time

  • Played on: May 12, 2019, 9:52 p.m.
  • Length: 23:14
Show
View Real Time Build Order
Export as new Build Order

TiPtOP Terran 

Build Orders:  

Get SALT Encoding   

  12  0:00  SCV  
  13  0:13  SCV  
  14  0:19  Supply Depot  
  14  0:25  SCV  
  15  0:40  SCV  
  15  0:41  Barracks  
  16  0:52  SCV  
  16  0:54  Refinery  
  17  1:04  SCV  
  18  1:27  Orbital Command  
  18  1:39  Barracks Reactor  
  18  1:51  Supply Depot  
  18  1:53  SCV  
  19  2:02  Barracks  
  19  2:34  SCV  
  19  2:35  Marine x2  
  22  2:51  Factory  
  22  2:58  Command Center  
  22  3:04  Barracks Tech Lab  
  22  3:12  Supply Depot  
  21  3:26  Stimpack  
  21  3:27  Marine x2  
  21  3:31  Marine  
  24  3:35  SCV  
  24  3:39  Factory Reactor  
  25  3:50  SCV, Supply Depot  
  26  4:06  SCV  
  27  4:10  Refinery  
  27  4:16  Marine x3  
  30  4:18  Starport  
  30  4:20  Supply Depot  
  30  4:22  SCV  
  31  4:34  SCV, Marine x3  
  35  4:38  SCV  
  36  4:51  SCV, Marine  
  36  4:52  Marine x2, Barracks  
  40  5:03  SCV  
  41  5:10  Factory Tech Lab  
  41  5:17  Engineering Bay  
  41  5:20  Orbital Command  
  41  5:22  SCV  
  41  5:27  Marine x3  
  45  5:31  Supply Depot  
  45  5:34  SCV  
  46  5:45  Barracks Reactor  
  46  5:48  Marine x3  
  49  5:51  SCV  
  50  6:03  SCV x2  
  52  6:15  SCV  
  53  6:31  Liberator  
  23  6:50  Siege Tank, Marine x4  
  33  7:02  Command Center  
  33  7:14  Medivac  
  35  7:20  SCV  
  36  7:28  Missile Turret  
  36  7:31  Medivac  
  36  7:32  SCV  
  38  8:16  SCV x2  
  40  8:29  SCV  
  41  8:41  SCV  
  21  9:01  Marine x4  
  14  9:22  SCV  
  15  9:52  SCV  
  16  10:04  SCV  
  16  10:06  SCV  
  18  10:18  SCV  
  18  10:19  Marine x2  
  18  10:20  Marine  
  22  10:39  Marine x2  
  22  10:40  Marine  
  21  11:40  SCV  
  21  11:41  Missile Turret  
  21  11:44  Marine x3  
  24  11:52  SCV  
  25  11:55  Marine x2  
  25  11:59  SCV  
  25  12:01  SCV  
  29  12:02  Marine  
  29  12:04  SCV  
  31  12:20  Missile Turret  
  31  12:35  SCV x3  
  31  12:36  Missile Turret, Marine  
  31  12:37  Marine x3  
  35  12:43  Missile Turret  
  38  12:49  Marine  
  38  12:50  Missile Turret  
  39  12:53  Combat Shield  
  39  12:54  Marine x3  
  42  12:59  Refinery, SCV  
  42  13:01  SCV  
  42  13:05  SCV  
  45  13:11  SCV  
  46  13:14  SCV  
  46  13:15  Refinery  
  46  13:17  SCV  
  48  13:24  SCV  
  48  13:26  SCV  
  48  13:27  Missile Turret  
  50  13:38  SCV  
  48  14:16  SCV  
  49  14:19  Refinery, Marine x4  
  49  14:22  Medivac  
  55  14:26  Missile Turret  
  55  14:28  SCV x2  
  55  14:30  Refinery  
  57  14:34  SCV  
  57  14:35  Refinery  
  58  14:40  SCV x2  
  60  14:46  SCV  
  60  14:49  Marine  
  60  14:50  Marine x3  
  60  14:52  SCV x2  
  67  14:58  SCV  
  68  15:03  Marine  
  68  15:04  SCV  
  70  15:07  Marine x3  
  70  15:10  SCV  
  74  15:19  Marine, Supply Depot x2  
  74  15:20  Supply Depot  
  74  15:21  Marine  
  76  15:25  Marine  
  77  15:40  Siege Tank, SCV  
  81  15:44  Missile Turret  
  81  15:52  SCV  
  82  16:04  SCV  
  82  16:06  Missile Turret  
  82  16:07  SCV, Marine  
  82  16:08  Marine x4  
  82  16:09  Refinery  
  89  16:12  Siege Tank, Terran Infantry Weapons Level 1  
  89  16:16  SCV  
  93  16:19  SCV  
  94  16:27  Marine x2, Medivac x2  
  94  16:28  Missile Turret  
  100  16:44  Supply Depot  
  100  16:47  Supply Depot  
  100  17:05  Siege Tank  
  100  17:06  Supply Depot  
  103  17:11  Marine  
  103  17:12  Marine x4  
  109  17:22  SCV  
  109  17:33  Marine x5  
  109  17:35  SCV  
  115  17:37  Siege Tank  
  118  17:44  SCV  
  118  17:47  SCV  
  118  17:50  Supply Depot  
  120  17:56  SCV  
  120  17:57  Starport  
  121  17:59  SCV  
  121  18:02  Planetary Fortress  
  122  18:08  SCV  
  68  19:18  Starport Tech Lab  
  68  19:25  Starport  
  68  19:27  Armory  
  68  19:29  Fusion Core  
  68  19:30  Marine x2  
  68  19:31  Marine x3  
  72  19:34  SCV  
  74  19:45  Siege Tank  
  77  19:46  SCV  
  77  19:48  Marine x2  
  61  20:17  Siege Tank  
  60  20:23  Battlecruiser  
  60  20:27  Starport Tech Lab  
  66  20:33  Marine x3  
  66  20:34  Marine x2  
  71  20:39  Command Center  
  69  21:17  Supply Depot  
  69  21:21  Supply Depot  
  69  21:31  Supply Depot  
  69  21:33  Supply Depot  
  69  21:39  Siege Tank, Marine x3  
  69  21:42  Battlecruiser  
  65  21:56  Marine x2  
  65  21:57  Supply Depot  
  62  22:11  Siege Tank  
Show
View Real Time Build Order
Export as new Build Order

Stankopus Terran - Winner!

Build Orders:  

Get SALT Encoding   

  12  0:01  SCV  
  13  0:13  SCV  
  14  0:18  Supply Depot  
  14  0:25  SCV  
  15  0:32  Refinery  
  15  0:40  SCV  
  16  0:46  Barracks  
  16  0:52  SCV  
  17  1:04  SCV  
  17  1:08  Refinery  
  18  1:22  SCV  
  19  1:34  SCV  
  19  1:37  Marine  
  21  1:52  Supply Depot  
  21  2:19  Refinery  
  21  2:26  Orbital Command  
  21  2:27  Marine  
  22  2:33  Command Center  
  22  2:41  Ghost Academy  
  22  2:55  SCV  
  23  3:08  Barracks Tech Lab  
  23  3:10  Factory  
  23  3:12  SCV  
  23  3:24  SCV  
  23  3:25  Personal Cloaking  
  24  3:33  Ghost  
  26  3:36  SCV  
  27  3:49  SCV  
  27  3:53  Barracks  
  27  3:55  Factory Tech Lab  
  28  4:00  Starport  
  28  4:01  SCV  
  30  4:08  Ghost  
  31  4:22  Ghost Academy  
  31  4:26  SCV x2  
  33  4:36  Siege Tank  
  33  4:38  SCV  
  37  4:39  Starport Reactor  
  37  4:52  Ghost  
  37  4:55  Barracks Tech Lab  
  37  4:57  Nuke  
  39  5:01  Orbital Command  
  39  5:03  SCV  
  40  5:20  Nuke  
  40  5:31  Marine x2  
  42  5:41  Supply Depot x2  
  42  5:44  Refinery  
  42  5:46  Refinery  
  42  6:20  Ghost x2  
  46  6:43  Nuke x2  
  46  6:50  Marine  
  46  6:51  Siege Tank  
  48  7:10  Ghost  
  48  7:15  SCV x2  
  52  7:23  Liberator  
  52  7:27  SCV x2  
  54  7:39  Siege Tank, SCV x2  
  62  8:00  Marine x2  
  62  8:21  Supply Depot x2  
  62  8:23  Supply Depot  
  62  8:35  Supply Depot  
  62  8:42  Marine x2, Medivac x2  
  62  8:43  Siege Tank  
  61  9:00  Marine x2  
  57  9:12  Medivac  
  57  9:18  Marine x2, Nuke  
  57  9:19  Nuke  
  57  9:21  Siege Tank  
  62  9:36  Marine x2  
  64  9:53  Siege Tank, Ghost  
  64  9:59  Ghost Academy  
  69  10:01  SCV  
  69  10:02  SCV  
  71  10:13  SCV  
  71  10:14  SCV  
  73  10:19  Command Center  
  73  10:25  Siege Tank, SCV  
  73  10:26  SCV  
  78  10:37  SCV  
  78  10:38  SCV  
  81  10:50  SCV x2  
  81  10:57  Siege Tank, Nuke x3  
  83  11:14  Ghost  
  85  11:30  Ghost  
  87  11:44  Marine  
  88  11:48  Liberator x2  
  88  11:57  Ghost Academy  
  88  11:58  Marine  
  89  12:02  Marine  
  89  12:08  Ghost Academy  
  96  12:10  Ghost Academy  
  96  12:14  Ghost Academy  
  96  12:16  Marine  
  97  12:30  Factory, Barracks  
  97  12:34  Factory, Engineering Bay  
  97  12:35  Engineering Bay, Orbital Command  
  97  12:37  SCV  
  97  12:38  SCV  
  99  12:47  Nuke x4  
  99  12:50  SCV x2  
  101  13:01  Armory  
  101  13:50  Ghost  
  101  13:51  SCV x2  
  101  13:58  Ghost  
  99  14:03  SCV x2  
  99  14:05  Factory Tech Lab x2  
  101  14:17  Barracks Reactor  
  101  14:35  Supply Depot  
  101  14:36  Supply Depot  
  101  14:37  Supply Depot  
  101  14:42  Refinery  
  101  14:47  Missile Turret x2  
  101  14:49  Viking x2, Ghost, SCV x2  
  101  14:51  Terran Infantry Weapons Level 1  
  109  14:53  Terran Vehicle And Ship Armor Level 1  
  109  14:56  Ghost, SCV  
  112  15:01  SCV  
  112  15:02  SCV  
  114  15:08  SCV  
  114  15:14  SCV  
  116  15:17  Ghost  
  116  15:18  Marine  
  116  15:19  Viking x2, Marine  
  116  15:20  SCV  
  125  15:24  Ghost  
  125  15:27  Refinery  
  127  15:36  Marine x2  
  129  15:43  SCV x3  
  129  15:49  Ghost  
  134  15:53  Ghost  
  134  15:54  Marine  
  134  15:55  SCV x3  
  140  16:00  Marine  
  140  16:02  Cyclone  
  144  16:05  Hellion x2  
  144  16:07  SCV  
  144  16:08  Command Center  
  149  16:12  Marine  
  149  16:14  Command Center  
  149  16:15  Refinery  
  149  16:16  Refinery  
  149  16:17  Ghost  
  149  16:18  Marine  
  153  16:21  Ghost  
  155  16:26  Hellion  
  157  16:50  Refinery  
  157  16:51  Refinery  
  157  16:54  Terran Infantry Armor Level 1  
  157  17:03  Stimpack  
  157  17:16  Supply Depot x2  
  157  17:17  Ghost x2, Marine, Hellion x3, Medivac x2  
  157  17:18  Supply Depot  
  157  17:21  Supply Depot  
  172  17:23  Supply Depot  
  172  17:30  Orbital Command  
  172  17:36  Orbital Command  
  172  17:38  Hellion  
  172  17:39  SCV x3  
  172  17:40  Supply Depot  
  177  17:45  Ghost x2  
  177  17:47  Terran Infantry Weapons Level 2  
  182  17:51  SCV x2  
  182  17:52  SCV  
  182  17:57  Liberator x2  
  184  18:03  SCV x2  
  184  18:04  SCV  
  187  18:14  Ghost x2  
  167  18:35  Marine x2  
  169  18:42  Ghost x2  
  149  18:52  Marine  
  149  18:53  Marine  
  127  19:10  Marine x2  
  127  19:11  Ghost x2  
  133  19:20  Cyclone x3  
  142  19:28  Marine x2  
  144  19:39  Ghost, Marine  
  147  19:46  Marine x2  
  147  19:51  Nuke x3  
  147  19:52  Cyclone x3, Nuke x3  
  158  19:57  Marine  
  159  20:04  Marine x2  
  161  20:08  Marine  
  159  20:15  Marine  
  160  20:24  Cyclone x2  
  160  20:25  Hellion  
  160  20:26  Marine  
  169  20:33  Marine  
  170  20:44  Marine  
  170  20:46  Hellion  
  173  20:51  Nuke x3  
  173  20:56  Hellion  
  173  20:57  Hellion  
  177  21:07  Hellion, Marine x4  
  183  21:18  Hellion x2  
  187  21:24  Marine  
  187  21:25  Marine x3  
  189  21:29  Hellion  
  193  21:39  Hellion x2  
  197  21:42  Marine  
  197  21:43  Marine x2  
  197  21:50  Cyclone  
  197  22:00  Cyclone, Marine  
  197  22:01  Marine x2  
  188  22:18  Marine  
Tags
 
Add a new tag
Caveats
  • Supply blocks, unpowered buildings, or Contaminate may cause inaccurate times.
  • Supply counts are checked every 10 seconds.